 Dungeon Crawl Stone Soup version 0.16.3-4-gc506b73efe (webtiles) character file.

23205 faibistes the Thaumaturge (level 12, 0/59 HPs)
             Began as a Deep Elf Wizard on Apr 12, 2024.
             Was the Champion of Sif Muna.
             Slain by a seven-headed hydra (6 damage)
             ... on level 1 of the Lair of Beasts.
             The game lasted 00:57:10 (20249 turns).

faibistes the Thaumaturge (Deep Elf Wizard)        Turns: 20249, Time: 00:57:11

Health: 0/59       AC: 10    Str:  4    XL:     12   Next: 69%
Magic:  59/59      EV: 17    Int: 29    God:    Sif Muna [******]
Gold:   987        SH:  0    Dex: 13    Spells: 9 memorised, 9 levels left

rFire  . . .     SeeInvis .     B - staff of power
rCold  . . .     Clarity  .     D - +2 robe {MR+}
rNeg   . . .     SustAb   .     (no shield)
rPois  +         Gourm    .     b - +0 hat
rElec  .         Spirit   .     F - +2 cloak
rCorr  .         Warding  .     (no gloves)
rMut   .         Stasis   .     P - +2 pair of boots
MR     ++...                    (no amulet)
Stlth  ++........               j - ring of magical power
                                K - ring of poison resistance

@: repel missiles, very resistant to hostile enchantments, unstealthy
A: no striking features
a: Channel Energy, Forget Spell, Renounce Religion


You were on level 1 of the Lair of Beasts.
You worshipped Sif Muna.
Sif Muna was exalted by your worship.
You were not hungry.

You visited 3 branches of the dungeon, and saw 15 of its levels.

You collected 987 gold pieces.

Inventory:

Hand weapons
 e - a +1 short sword
 M - a +3 short sword of electrocution
Armour
 b - a +0 hat (worn)
 D - a +2 robe of magic resistance (worn)
 E - a +2 robe of fire resistance
 F - a +2 cloak (worn)
 P - a +2 pair of boots (worn)
Magical staves
 B - an uncursed staff of power (weapon)
Jewellery
 a - an uncursed ring of protection from fire
 j - a ring of magical power (right hand)
 k - the ring of Wonder {rF- MR+ Str+6 Dex+2}
   (You took it off an orc on level 10 of the Dungeon)

   [ring of protection from magic]

   It affects your strength (+6).
   It affects your dexterity (+2).
   It makes you vulnerable to fire.
   It affects your resistance to hostile enchantments.
 K - a ring of poison resistance (left hand)
 R - an uncursed ring of protection from magic
 U - an uncursed ring of stealth
Magical devices
 s - a wand of teleportation (6)
 u - a wand of random effects (14)
 v - a wand of slowing (18)
 A - a wand of polymorph (7)
 J - a wand of magic darts (10)
 L - a wand of cold (8)
Scrolls
 y - 2 scrolls of fog
Potions
 g - 5 potions of brilliance
 h - a potion of agility
 n - 4 potions of curing
 o - 2 potions of resistance
 p - 3 potions of cancellation
 t - 5 potions of poison
 w - 6 potions of heal wounds
 z - a potion of beneficial mutation {unknown}
 I - a potion of flight {unknown}
 N - a potion of restore abilities
 O - a potion of ambrosia {unknown}
 S - 3 potions of lignification {unknown}
Books
 c - a book of Minor Magic

   Spells                             Type                      Level
   a - Magic Dart                     Conjuration                  1
   b - Blink                          Translocation                2
   c - Call Imp                       Summoning                    2
   d - Repel Missiles                 Charms/Air                   2
   e - Slow                           Hexes                        2
   f - Conjure Flame                  Conjuration/Fire             3
   g - Mephitic Cloud                 Conjuration/Poison/Air       3
 l - Sif Muna's Almanac of the Lucky Voyage
   (Sif Muna gifted it to you on level 12 of the Dungeon)

   Spells                             Type                      Level
   a - Apportation                    Translocation                1
   b - Shroud of Golubria             Charms/Translocation         2
   c - Recall                         Summoning/Translocation      3
   d - Control Teleport               Charms/Translocation         4
   e - Gell's Gravitas                Hexes/Translocation          5
   f - Phase Shift                    Translocation                5
 x - a book of Conjurations

   Spells                             Type                      Level
   a - Magic Dart                     Conjuration                  1
   b - Searing Ray                    Conjuration                  2
   c - Dazzling Spray                 Conjuration/Hexes            3
   d - Fulminant Prism                Conjuration/Hexes            4
   e - Iskenderun's Mystic Blast      Conjuration                  4
   f - Iskenderun's Battlesphere      Conjuration/Charms           5
 C - a book of Dreams

   Spells                             Type                      Level
   a - Ensorcelled Hibernation        Hexes/Ice                    2
   b - Flight                         Charms/Air                   3
   c - Phase Shift                    Translocation                5
   d - Shadow Creatures               Summoning                    5
   e - Mass Confusion                 Hexes                        6
   f - Darkness                       Hexes                        7
 H - a book of Flames

   Spells                             Type                      Level
   a - Flame Tongue                   Conjuration/Fire             1
   b - Throw Flame                    Conjuration/Fire             2
   c - Conjure Flame                  Conjuration/Fire             3
   d - Inner Flame                    Hexes/Fire                   3
   e - Sticky Flame                   Conjuration/Fire             4
   f - Fireball                       Conjuration/Fire             5
 Q - a book of Annihilations {highlevel}

   This book is beyond your current level of understanding.

   Spells                             Type                      Level
   a - Poison Arrow                   Conjuration/Poison           6
   b - Chain Lightning                Conjuration/Air              8
   c - Lehudib's Crystal Spear        Conjuration/Earth            8
   d - Glaciate                       Conjuration/Ice              9
   e - Fire Storm                     Conjuration/Fire             9
Comestibles
 d - 10 bread rations
 f - a chunk of flesh
 i - 6 beef jerkies
 m - 4 meat rations
 q - 5 slices of pizza
 r - 33 fruits
 T - a royal jelly


   Skills:
 + Level 9.0 Dodging
 - Level 2.4 Stealth
 * Level 13.8 Spellcasting
 + Level 8.7 Conjurations
   Level 3.8 Hexes
 - Level 8.1 Charms
   Level 1.1 Summonings
 + Level 4.4 Translocations
 * Level 9.0 Fire Magic
 - Level 4.0 Air Magic
 - Level 3.2 Poison Magic
 * Level 8.5 Invocations
 + Level 6.5 Evocations


You had 9 spell levels left.
You knew the following spells:

 Your Spells              Type           Power        Failure   Level  Hunger
a - Magic Dart            Conj           ####         1%          1    None
b - Conjure Flame         Conj/Fire      ######..     1%          3    None
c - Iskenderun's Battles  Conj/Chrm      ######..     2%          5    None
d - Blink                 Tloc           N/A          1%          2    None
e - Mephitic Cloud        Conj/Pois/Air  ######..     1%          3    None
f - Repel Missiles        Chrm/Air       ######       1%          2    None
h - Iskenderun's Mystic   Conj           ######..     1%          4    None
x - Sticky Flame          Conj/Fire      ######..     1%          4    None
z - Fireball              Conj/Fire      ######....   1%          5    None


Dungeon Overview and Level Annotations

Branches:
Dungeon (13/15)            Temple (1/1) D:4            Lair (1/8) D:11
    Orc (0/4) D:12
 Vaults: D:13-14

Altars:
Ashenzari
Cheibriados
Dithmenos
Elyvilon
Fedhas
Gozag
Kikubaaqudgha
Makhleb
Nemelex Xobeh
Okawaru
Qazlal
Ru
Sif Muna
Trog
Vehumet
Xom
Yredelemnul
Zin
The Shining One

Annotations:
D:10 exclusion: orange crystal statue


Message History

This raw flesh tastes terrible.
You continue eating. x2
There is a staircase to the Lair here.
You start resting.
Magic restored.
You start resting.
HP restored.
You climb downwards.
Welcome to the Lair of Beasts!
The seven-headed hydra bites you. The seven-headed hydra bites you!
The seven-headed hydra bites you but does no damage.
The seven-headed hydra closely misses you.
The seven-headed hydra bites you!
The seven-headed hydra barely misses you.
The seven-headed hydra bites you but does no damage.
The seven-headed hydra bites you!
* * * LOW HITPOINT WARNING * * *
The seven-headed hydra bites you.
* * * LOW HITPOINT WARNING * * *
The seven-headed hydra bites you.
You die...

... ....
#....
#.....#
.......###
P.......[
#..†...D##
#.....†.@#
#.........#
...........
..........##
...........
!........##
........#
.......#
....


You could see a seven-headed hydra.

Vanquished Creatures
  Erica (D:12)
  Nergalle (D:11)
  An unseen horror (D:10)
  5 hill giants
  Pikel (D:6)
  2 manticores (D:12)
  3 ugly things
  Maurice (D:8)
  2 centaur zombies
  Psyche (D:8)
  2 kobold demonologists (D:11)
  A gargoyle (D:10)
  A spiny frog (D:11)
  4 two-headed ogres
  4 trolls
  Prince Ribbit (D:9)
  12 yaks
  A vampire (D:10)
  A shadow (D:11)
  2 deep elf magi
  A hungry ghost (D:12)
  3 steam dragons
  Eustachio (D:5)
  Grum (D:8)
  2 wyverns
  3 wolves (D:8)
  4 hippogriffs
  Menkaure (D:6)
  2 water moccasins
  4 ice beasts
  7 orc warriors
  2 phantoms
  6 ogres
  2 black bears
  2 wasps
  7 centaurs
  The ghost of faibistes the Magician, an average DEWz (D:4)
  10 big kobolds
  Blork the orc (D:8)
  6 giant frogs
  2 gnoll sergeants
  2 wyvern skeletons
  4 scorpions
  9 wights
  22 killer bees
  3 jellies
  5 crimson imps
  2 goliath beetles
  7 hounds
  A centaur skeleton (D:8)
  2 giant frog skeletons
  6 gnoll shamans
  4 orc priests
  4 iguanas
  7 orc wizards
  13 worker ants
  A killer bee zombie (D:7)
  A hound zombie (D:7)
  A hound skeleton (D:11)
  Robin (D:3)
  10 adders
  45 gnolls
  3 shadow imps
  A giant mite (D:9)
  7 worms
  An adder skeleton (D:4)
  50 orcs
  A bat skeleton (D:4)
  6 giant cockroaches
  14 goblins
  29 hobgoblins
  24 jackals
  9 quokkas
  2 ball pythons
  10 bats
  3 giant geckos
  5 giant newts
  3 giant spores
  55 kobolds
  A quokka zombie (D:5)
  18 rats
  7 ballistomycetes
  A plant (D:11)
515 creatures vanquished.

Vanquished Creatures (collateral kills)
  A sky beast (D:7)
  A gnoll (D:4)
  A goblin (D:4)
3 creatures vanquished.

Vanquished Creatures (others)
  3 slaves (D:6)
  A hound (D:6)
  3 crimson imps
  An iron imp (D:4)
  2 white imps (D:7)
  2 shadow imps (D:4)
  An adder skeleton (D:6)
  A giant spore (D:7)
  A goblin (D:3)
  A kobold (D:6)
  3 ballistomycetes (D:7)
19 creatures vanquished.

Grand Total: 537 creatures vanquished

Notes
Turn   | Place    | Note
--------------------------------------------------------------
     0 | D:1      | faibistes, the Deep Elf Wizard, began the quest for the Orb.
     0 | D:1      | Reached XP level 1. HP: 10/10 MP: 6/6
   470 | D:1      | Reached XP level 2. HP: 12/15 MP: 4/10
   521 | D:1      | Learned a level 2 spell: Blink
   524 | D:1      | Learned a level 2 spell: Call Imp
   772 | D:1      | Reached skill level 5 in Spellcasting
  1290 | D:1      | Reached XP level 3. HP: 19/19 MP: 12/14
  1701 | D:3      | Reached XP level 4. HP: 22/24 MP: 6/17
  1775 | D:2      | Learned a level 2 spell: Repel Missiles
  1803 | D:2      | Learned a level 3 spell: Mephitic Cloud
  1807 | D:2      | Learned a level 3 spell: Conjure Flame
  2522 | D:3      | Noticed a scorpion
  2588 | D:3      | Killed a scorpion
  2588 | D:3      | Reached skill level 6 in Spellcasting
  2588 | D:3      | Reached XP level 5. HP: 26/28 MP: 5/20
  2898 | D:2      | Noticed Robin
  2919 | D:3      | Killed Robin
  3750 | D:3      | Found a white marble altar of Elyvilon.
  3914 | D:4      | Found a staircase to the Ecumenical Temple.
  3923 | Temple   | Entered the Ecumenical Temple
  3996 | Temple   | Became a worshipper of Sif Muna the Loreminder
  4017 | D:4      | Reached XP level 6. HP: 30/32 MP: 16/22
  4188 | D:4      | Found Qurutwa's Jewellery Shoppe.
  4200 | D:5      | Entered Level 5 of the Dungeon
  4231 | D:4      | Reached skill level 7 in Spellcasting
  4270 | D:4      | Reached skill level 1 in Air Magic
  5076 | D:5      | Reached skill level 1 in Poison Magic
  5076 | D:5      | Reached XP level 7. HP: 36/36 MP: 21/25
  5084 | D:5      | Acquired Sif Muna's first power
  5442 | D:4      | Found an iron altar of Okawaru.
  5677 | D:4      | Reached skill level 8 in Spellcasting
  5881 | D:4      | Noticed faibistes' ghost (average DEWz)
  5943 | D:4      | Killed faibistes' ghost
  5943 | D:4      | Reached skill level 5 in Conjurations
  6063 | D:4      | Reached XP level 8. HP: 41/41 MP: 6/27
  6435 | D:4      | Acquired Sif Muna's second power
  6650 | D:4      | Reached skill level 9 in Spellcasting
  7396 | D:5      | Found a basalt altar of Yredelemnul.
  7422 | D:5      | Learned a level 4 spell: Iskenderun's Mystic Blast
  7428 | D:5      | Learned a level 5 spell: Iskenderun's Battlesphere
  7432 | D:5      | Learned a level 3 spell: Dazzling Spray
  7551 | D:6      | Reached skill level 5 in Dodging
  7963 | D:5      | Noticed Eustachio
  7969 | D:5      | Killed Eustachio
  8065 | D:5      | Found a glowing silver altar of Zin.
  8270 | D:6      | Reached skill level 1 in Charms
  8274 | D:6      | Noticed Menkaure
  8280 | D:6      | Killed Menkaure
  8280 | D:6      | Reached skill level 1 in Fire Magic
  8280 | D:6      | Reached skill level 1 in Invocations
  8532 | D:6      | Reached XP level 9. HP: 45/45 MP: 30/30
  8573 | D:6      | Noticed Pikel
  8581 | D:6      | Killed Pikel
  8581 | D:6      | Reached skill level 10 in Spellcasting
  8581 | D:6      | Reached skill level 1 in Evocations
  8812 | D:8      | Found a white marble altar of Elyvilon.
  8837 | D:8      | Found a sparkling altar of Nemelex Xobeh.
  8999 | D:8      | Noticed Psyche
  9005 | D:8      | Killed Psyche
  9230 | D:6      | Acquired Sif Muna's third power
  9467 | D:6      | Found a stormy altar of Qazlal.
  9761 | D:6      | Reached skill level 1 in Hexes
  9761 | D:6      | Reached skill level 5 in Charms
 10965 | D:7      | Reached XP level 10. HP: 50/50 MP: 32/32
 11711 | D:8      | Learned a level 5 spell: Fireball
 11742 | D:8      | Found an ancient bone altar of Kikubaaqudgha.
 11826 | D:8      | Noticed Blork the orc
 11831 | D:8      | Noticed Maurice
 11839 | D:8      | Killed Blork the orc
 11852 | D:8      | Killed Maurice
 11852 | D:8      | Reached skill level 11 in Spellcasting
 12116 | D:8      | Noticed Grum
 12127 | D:8      | Killed Grum
 12487 | D:8      | Found a shimmering altar of Xom.
 12627 | D:10     | Entered Level 10 of the Dungeon
 12865 | D:9      | Noticed Prince Ribbit
 12868 | D:9      | Killed Prince Ribbit
 13206 | D:9      | Reached skill level 5 in Fire Magic
 13434 | D:9      | Reached skill level 5 in Invocations
 13860 | D:9      | Learned a level 4 spell: Sticky Flame
 13984 | D:10     | Noticed an unseen horror
 13991 | D:10     | Killed an unseen horror
 14152 | D:11     | Noticed Nergalle
 14298 | D:11     | Noticed a brown ugly thing
 14407 | D:10     | Killed a brown ugly thing
 14407 | D:10     | Reached XP level 11. HP: 54/54 MP: 32/33
 14483 | D:11     | Killed Nergalle
 14776 | D:10     | Reached skill level 12 in Spellcasting
 15294 | D:10     | Got a fine marble ring
 15708 | D:10     | Identified the ring of Wonder {rF- MR+ Str+6 Dex+2} (You took it off an orc on level 10 of the Dungeon)
 15980 | D:12     | Noticed Erica
 16000 | D:12     | Killed Erica
 16000 | D:12     | Received a gift from Sif Muna
 16000 | D:12     | Reached skill level 5 in Evocations
 16014 | D:12     | Identified Sif Muna's Almanac of the Lucky Voyage (Sif Muna gifted it to you on level 12 of the Dungeon)
 16285 | D:11     | Noticed a hill giant
 16290 | D:11     | Killed a hill giant
 16470 | D:11     | Noticed a hill giant
 16476 | D:11     | Killed a hill giant
 16633 | D:11     | Reached skill level 13 in Spellcasting
 16673 | D:11     | Noticed a hill giant
 16699 | D:11     | Killed a hill giant
 16699 | D:11     | Reached XP level 12. HP: 48/59 MP: 1/35
 17044 | D:11     | Noticed a hill giant
 17051 | D:11     | Killed a hill giant
 17117 | D:11     | Found a staircase to the Lair.
 19379 | D:12     | Noticed a hill giant
 19508 | D:12     | Killed a hill giant
 19651 | D:12     | Found a staircase to the Orcish Mines.
 20059 | Lair:1   | Entered Level 1 of the Lair of Beasts
 20072 | Lair:1   | Noticed a seven-headed hydra
 20249 | Lair:1   | Slain by a seven-headed hydra

Action                   |  1- 3 |  4- 6 |  7- 9 | 10-12 || total
-------------------------+-------+-------+-------+-------++-------
Melee: Short sword       |       |     3 |     2 |       ||     5
       Staff             |       |       |     2 |     7 ||     9
 Cast: Magic Dart        |    82 |   216 |   360 |   189 ||   847
       Mephitic Cloud    |       |    14 |    25 |    18 ||    57
       Repel Missiles    |       |     2 |     1 |     1 ||     4
       Blink             |       |     5 |     5 |    39 ||    49
       Conjure Flame     |       |     2 |    23 |    41 ||    66
       Call Imp          |       |     2 |    11 |       ||    13
       Iskenderun's Myst |       |       |    55 |    45 ||   100
       Dazzling Spray    |       |       |    10 |     1 ||    11
       Fireball          |       |       |       |   158 ||   158
       Iskenderun's Batt |       |       |       |    37 ||    37
       Sticky Flame      |       |       |       |    48 ||    48
Invok: Channel Energy    |       |       |     5 |    26 ||    31
       Forget Spell      |       |       |       |     1 ||     1
  Use: Scroll            |       |     6 |     5 |    18 ||    29
       Potion            |       |     1 |     1 |     2 ||     4
  Eat: Chunk             |     2 |    10 |    17 |    43 ||    72
       Fruit             |       |       |       |     2 ||     2
